 Dungeon Crawl Stone Soup version 0.25-a0-696-g42a9e46d90 (console) character file.

Game seed: 7077634159216441627, levelgen mode: classic

30 Duffy the Chopper (level 3, 0/33 HPs)
             Began as a Naga Gladiator on Mar 31, 2020.
             Slain by an adder (4 damage)
             ... on level 2 of the Dungeon.
             The game lasted 00:01:12 (1462 turns).

Duffy the Chopper (Naga Gladiator)                  Turns: 1462, Time: 00:01:13

Health: 0/33       AC:  3    Str: 16    XL:     3   Next: 18%
Magic:  3/3        EV: 10    Int:  9    God:
Gold:   45         SH:  0    Dex: 12    Spells: 2/2 levels left

rFire    . . .     SeeInvis +   a - +0 war axe
rCold    . . .     Gourm    .   (no shield)
rNeg     . . .     Faith    .   b - +0 leather armour
rPois    +         Spirit   .   c - +0 helmet
rElec    .         Reflect  .   (no cloak)
rCorr    .         Harm     .   (no gloves)
MR       .....                  (no barding)
Stlth    +.........             (no amulet)
HPRegen  0.11/turn              (no ring)
MPRegen  0.08/turn              (no ring)

@: lethally poisoned (0 -> -1), very slow
A: large, see invisible, deformed body, poison resistance, slowness 2, slow
metabolism 1, spit poison 1, AC +1
a: Spit Poison


You were on level 2 of the Dungeon.
You were not hungry.

You visited 1 branch of the dungeon, and saw 2 of its levels.

You collected 45 gold pieces.

Inventory:

Hand Weapons
 a - a +0 war axe (weapon)
Missiles
 d - 3 throwing nets (quivered)
Armour
 b - a +0 leather armour (worn)
 c - a +0 helmet (worn)
Scrolls
 e - 2 scrolls of identify {unknown}
 g - a scroll of amnesia {unknown}
 h - 4 scrolls of remove curse {unknown}
Potions
 j - a potion of ambrosia {unknown}
 k - a potion of curing {unknown}
Comestibles
 f - 4 rations


   Skills:
 + Level 2.5 Fighting
 * Level 3.9 Axes
 - Level 1.7 Throwing
 - Level 2.4 Dodging


You had 2 spell levels left.
You didn't know any spells.
Your spell library was empty.

Dungeon Overview and Level Annotations

Branches:
Dungeon (2/15)

Altars:


Innate Abilities, Weirdness & Mutations

You cannot wear boots.
Your serpentine skin is tough. (AC +1)
You have supernaturally acute eyesight. (SInv)
Armour fits poorly on your strangely shaped body.
Your system is resistant to poisons. (rPois)
You cover ground very slowly.
You have a slow metabolism.
You can spit poison.


Message History

You are too injured to fight recklessly!
You barely miss the adder.
You feel sick. The adder barely misses you. x2
You miss the adder. The adder bites you.
Press: ? - help, Shift-Dir - straight line, f/p - adder
Aim: an adder The splash of poison misses the adder.
You feel slightly more hungry. The adder bites you. The adder misses you.
You barely miss the adder.
You feel sick. The adder bites you but does no damage.
You hit the adder.
The adder is lightly wounded.
You have got your breath back.
The adder bites you. x2
You closely miss the adder.
The adder is lightly wounded.
The adder barely misses you. The adder misses you.
You hit the adder.
The adder is heavily wounded.
You feel sick. The adder bites you.
You die...

#.# #.# #.# #.#
####.# #....# ###
#####.##.# +.##
#..'...#.# ##..##
#@###..#.# #..#.##
#%S#..###.# ###..#.##
#.###..##.#
#.....#.##
..#..####.#
###..#..#.## ..###..#
.#
#..##.#..#.##..#..###
###..##.#..#.#####..#
#..#####.#..#.##..###
##..#..##.#..#.##..#


You could see an adder.

Vanquished Creatures
  A dart slug (D:2)
  4 bats (D:1)
  A giant cockroach (D:2)
  2 goblins (D:1)
  6 hobgoblins
  A jackal (D:2)
  4 frilled lizards
  5 kobolds
  4 rats
28 creatures vanquished.

Notes
Turn   | Place    | Note
-------+----------+-------------------------------------------
     0 | D:1      | Duffy the Naga Gladiator began the quest for the Orb.
     0 | D:1      | Reached XP level 1. HP: 19/19 MP: 1/1
    51 | D:1      | Reached XP level 2. HP: 5/26 MP: 2/2
  1257 | D:2      | Reached XP level 3. HP: 33/33 MP: 3/3
  1462 | D:2      | Slain by an adder

Levels and vault maps discovered:
D:1:      wander_arrival_desolate, layout_basic
D:2:      minmay_razor_zed, layout_basic, nicolae_gozag_seed_capital,
          minmay_nonomino_d4

Action                   || total
-------------------------++-------
Melee: War axe           ||    85
 Abil: Spit Poison       ||     6
  Eat: Chunk             ||     1
Armor: Leather armour    ||    42
Dodge: Dodged            ||    79

Table legend:
 A = Non-vault XP
 B = Vault XP
 C = Vault XP percentage of total XP
 D = Non-vault monster count
 E = Vault monster count
 F = Vault count percentage of total count
                 A         B        C        D         E       F
            +---------+---------+-------+---------+---------+-------
      Total |      28 |      15 |  34.9 |      20 |       8 |  28.6
            +---------+---------+-------+---------+---------+-------
        D:1 |      25 |       2 |   7.4 |      18 |       1 |   5.3
        D:2 |       3 |      13 |  81.2 |       2 |       7 |  77.8
            +---------+---------+-------+---------+---------+-------
